 Dungeon Crawl Stone Soup version 0.31.0-12-g77e489cdc1 (webtiles) character file.

Game seed: 17184873639352948667

28 Gadfly the Covered (level 3, 0/30 HPs)
             Began as an Armataur Fighter on Feb 29, 2024.
             Slain by Crazy Yiuf
             ... wielding a +4 quarterstaff of chaos
              (5 damage)
             ... on level 2 of the Dungeon.
             The game lasted 00:01:21 (1089 turns).

Gadfly the Covered (Armataur Fighter)               Turns: 1089, Time: 00:01:21

Health: 0/30       AC: 13    Str: 21    XL:     3   Next: 0%
Magic:  3/3        EV:  3    Int:  8    God:
Gold:   103        SH:  4    Dex: 11    Spells: 2/2 levels left

rFire   . . .        a - +0 flail
rCold   . . .        c - +0 buckler
rNeg    . . .        e - +3 plate armour
rPois   .            i - +0 helmet
rElec   .            (no cloak)
rCorr   .            (no gloves)
SInv    .            (no barding)
Will    .....        (no amulet) Stlth
                     (no ring)
HPRegen 0.25/turn    (no ring)
MPRegen 0.08/turn

%: roll
@: no status effects
A: large, deformed body, tough skin 3, armoured tail, roll 1
a: no special abilities


You were on level 2 of the Dungeon.
You visited 1 branch of the dungeon, and saw 2 of its levels.

You collected 103 gold pieces.

Inventory:

Hand Weapons
 a - a +0 flail (weapon)
Armour
 c - a +0 buckler (worn)
 e - a +3 plate armour (worn)
 i - a +0 helmet (worn)
Jewellery
 g - a ring of ice
Wands
 j - a wand of polymorph (11)
Scrolls
 l - a scroll of identify {unknown}
Potions
 b - 2 potions of degeneration {unknown}
 d - a potion of might
 f - a potion of invisibility {unknown}
 h - a potion of magic {unknown}
 k - a potion of cancellation {unknown}


   Skills:
 + Level 2.8 Fighting
 * Level 2.1 Maces & Flails
 + Level 3.8 Armour
 + Level 3.4 Shields
 * Level 1.1 Invocations
 * Level 1.2 Evocations


You had 2 spell levels left.
You didn't know any spells.
Your spell library contained the following spells:

 Spells                   Type           Power      Damage    Failure   Level
 Kiss of Death            Conj/Necr      0%         2d5       100%        1
 Confusing Touch          Hex            0%         N/A       100%        3
 Fugue of the Fallen      Necr           0%         N/A       100%        3
 Ozocubu's Armour         Ice            0%         N/A       100%        3
 Cause Fear               Hex            0%         N/A       100%        4
 Dispel Undead            Necr           0%         3d6       100%        4
 Manifold Assault         Tloc           0%         N/A       100%        4
 Fireball                 Conj/Fire      0%         3d3       100%        5
 Dragon's Call            Summ           0%         N/A       100%        9


Dungeon Overview and Level Annotations

Branches:
Dungeon (2/15)

Altars:

Annotations:
D:2 Crazy Yiuf


Innate Abilities, Weirdness & Mutations

Armour fits poorly on your strangely shaped body.
You have extremely tough skin. (AC +3)
You have a long armoured tail.
You regenerate magic when rolling toward enemies. (Rampage MPRegen)


Message History

The dart slug bites you but does no damage.
You hit the dart slug.
You tail-slap the dart slug, but do no damage.
The dart slug is almost dead.
The dart slug barely misses you.
You sock the dart slug!
You kill the dart slug!
You have reached level 3!
Your experience leads to an increase in your attributes!
Increase (S)trength, (I)ntelligence, or (D)exterity?
You feel agile. x2
There is an escape hatch in the floor here.
l - a scroll labelled CUESMOIGUNK Crazy Yiuf shouts!
No reachable target in view!
No reachable target in view!
No reachable target in view!
No reachable target in view!
No reachable target in view!
No reachable target in view!
No reachable target in view!
No reachable target in view!
No reachable target in view!
No reachable target in view!
No reachable target in view!
No reachable target in view!
No reachable target in view!
No reachable target in view!
You open the door. You completely miss Crazy Yiuf. You tail-slap Crazy Yiuf!
Crazy Yiuf is heavily wounded.
Crazy Yiuf hits you with a +4 quarterstaff of chaos!
You hit Crazy Yiuf.
Crazy Yiuf is severely wounded.
Crazy Yiuf hits you with a +4 quarterstaff of chaos!
* * * LOW HITPOINT WARNING * * *
You hit Crazy Yiuf but do no damage.
Crazy Yiuf is severely wounded.
Crazy Yiuf hits you with a +4 quarterstaff of chaos.
You die...

####### ### ♣♣##.....# ####
#)..#♣♣ ♣♣.....##.# ##.#######
#...g@♣♣♣♣PP....##.# ..#.....<#
#...#♣..♣.P....###.# .###.#####
### ♣♣♣.♣.P..####.## #.#.##
♣♣♣♣♣##......## ##.## #####....
#.# ### ### ######.###
##.###########.###.#####......###
..<...............#......#.#.....
........######.###...<##......###


You could see Crazy Yiuf.

Vanquished Creatures
  2 dart slugs
  A ball python (D:1)
  2 bats (D:2)
  3 endoplasms (D:2)
  2 giant cockroaches (D:1)
  6 hobgoblins
  A quokka (D:1)
  A kobold (D:2)
  2 rats (D:1)
20 creatures vanquished.

Notes
Turn   | Place    | Note
-------+----------+-------------------------------------------
     0 | D:1      | Gadfly the Armataur Fighter began the quest for the Orb.
     0 | D:1      | Reached XP level 1. HP: 18/18 MP: 1/1
   220 | D:1      | Reached XP level 2. HP: 20/25 MP: 2/2
   403 | D:1      | Found a faded altar of an unknown god.
   559 | D:2      | Reached skill level 1 in Invocations
   606 | D:2      | Found a runed translucent door.
   607 | D:2      | Noticed Crazy Yiuf
   734 | D:2      | Reached skill level 1 in Evocations
   930 | D:2      | Reached XP level 3. HP: 30/30 MP: 3/3
  1089 | D:2      | Slain by Crazy Yiuf

Illustrated notes

Levels and vault maps discovered:
D:1:      evilmike_arrival_hilbert_curve, layout_rooms,
          hellmonk_ecumenical_altar_inner_sanctum
D:2:      layout_loops_ring, uniq_crazy_yiuf_cottage

Skill      XL: |  1  2 |
---------------+-------+-----
Maces & Flails | 2 |  2.1
Invocations    | 1 |  1.1
Evocations     | 1 |  1.2
Fighting       | |  2.8
Armour         | |  3.8
Shields        | |  3.4

Action                     || total
---------------------------++-------
  Melee: Flail             ||    55
         Tailslap          ||     8
    Use: Scroll            ||     4
 Armour: Plate armour      ||    51
  Dodge: Dodged            ||     7
  Block: Buckler           ||     8
